 Dungeon Crawl Stone Soup version 0.28-a0-1560-g060a6a1bfc (webtiles) character file.

Game seed: 14292208386176584599

460 Lekart the Chopper (level 6, -1/53 HPs)
             Began as a Draconian Chaos Knight on Jan 19, 2022.
             Was a Plaything of Xom.
             Slain by a phantom (13 damage)
             ... on level 4 of the Dungeon.
             The game lasted 00:04:05 (2851 turns).

Lekart the Chopper (Draconian Chaos Knight)         Turns: 2851, Time: 00:04:06

Health: -1/53      AC:  7    Str: 15    XL:     6   Next: 78%
Magic:  9/9        EV: 13    Int: 12    God:    Xom [*.....]
Gold:   100        SH:  0    Dex: 12    Spells: 10/10 levels left

rFire   . . .      SeeInvis .   a - +0 hand axe (chaos)
rCold   + . .      Faith    .   (no shield)
rNeg    . . .      Spirit   .   (armour unavailable)
rPois   .          Reflect  .   (helmet restricted)
rElec   .          Harm     .   (no cloak)
rCorr   .          Rampage  .   d - +0 pair of gloves
Will    .....                   (no boots)
Stlth   +.........              (no amulet)
HPRegen 0.17/turn               b - ring of protection from cold
MPRegen 0.11/turn               (no ring)

@: no status effects
A: AC +6, unfitting armour, cold-blooded
a: Renounce Religion


You were on level 4 of the Dungeon.
You worshipped Xom.
You were a special plaything of Xom.
You visited 1 branch of the dungeon, and saw 5 of its levels.

You collected 100 gold pieces.

Inventory:

Hand Weapons
 a - a +0 hand axe of chaos (weapon)
 c - a +0 hand axe of freezing
Armour
 d - a +0 pair of gloves (worn)
Jewellery
 b - a ring of protection from cold (left hand)
 f - a +6 ring of intelligence
Potions
 e - 2 potions of attraction


   Skills:
 + Level 4.7 Fighting
 + Level 5.2 Axes
 + Level 3.7 Dodging
 * Level 2.5 Spellcasting


You had 10 spell levels left.
You didn't know any spells.
Your spell library was empty.

Dungeon Overview and Level Annotations

Branches:
Dungeon (5/15)
 Temple: D:4-7

Altars:
Wu Jian


Innate Abilities, Weirdness & Mutations

Your plain brown scales are hard. (AC +6)
You cannot fit into any form of body armour.
You are cold-blooded and may be slowed by cold attacks.


Message History

You are no longer poisoned.
You hit the phantom but do no damage.
The phantom seems to grow stronger.
Xom is amused.
The phantom hits you.
You hit the phantom. You burn the phantom.
Your tail-slap misses the phantom.
The phantom is lightly damaged.
The phantom barely misses you.
You hit the phantom but do no damage.
The phantom flickers and vanishes!
Deactivating autopickup; reactivate with Ctrl-A.
Something barely misses you.
You aren't carrying any scrolls.
Something barely misses you.
There is a stone staircase leading up here.
Something hits you but does no damage.
You climb upwards.
You hear the sound of rushing water.
There is an entrance to a sewer on this level.
Hurry and find it before the portal rusts away!
Reactivating autopickup.
There is a stone staircase leading down here.
Deactivating autopickup; reactivate with Ctrl-A.
You hit something.
Nothing appears to happen.
Something hits you!
* * * LOW HITPOINT WARNING * * *
Something hits you but does no damage.
You closely miss something.
Your tail-slap misses something.
Something hits you.
* * * LOW HITPOINT WARNING * * *
You blink.
A hound skeleton comes into view.
Found a scroll labelled DUSODY GAOCOT and a pair of gloves.
Found an escape hatch in the floor.
You aren't carrying any scrolls.
It was a potion of heal wounds.
You feel much better.
Xom roars with laughter!
Something hits you. Something completely misses you.
Something barely misses you. Something hits you!
* * * LOW HITPOINT WARNING * * *
You see here a +0 pair of gloves.
Something hits you!
You die...

##....?..+
##...##.#
##.....#
#.#####
#.# #.#
#Z#
###[###
#..@..#
#.#.#.#
#.#.#.# #
#.# # #.#
#.. ...
###


You could see a hound skeleton.

Vanquished Creatures
  2 ogres (D:5)
  3 scorpions (D:5)
  A jelly (D:5)
  A howler monkey zombie (D:5)
  2 adders
  2 ufetubi (D:5)
  2 worms (D:2)
  2 dart slugs (D:1)
  2 endoplasms (D:1)
  2 giant cockroaches (D:1)
  3 goblins
  2 hobgoblins
  4 jackals (D:1)
  A quokka (D:1)
  2 ball pythons (D:1)
  7 bats
  3 frilled lizards (D:1)
  6 kobolds
  3 rats (D:2)
50 creatures vanquished.

Vanquished Creatures (others)
  9 fungi (D:5)
9 creatures vanquished.

Grand Total: 59 creatures vanquished

Notes
Turn   | Place    | Note
-------+----------+-------------------------------------------
     0 | D:1      | Lekart the Draconian Chaos Knight began the quest for the
                  | Orb.
     0 | D:1      | Reached XP level 1. HP: 19/19 MP: 1/1
     1 | D:1      | XOM: silly message
     5 | D:1      | Noticed an electric eel
   121 | D:1      | Reached XP level 2. HP: 25/26 MP: 2/2
   229 | D:1      | XOM: silly message
   385 | D:1      | XOM: silly message
   537 | D:1      | XOM: divination: detect items
   667 | D:1      | Found a faded altar of an unknown god.
   684 | D:1      | Reached XP level 3. HP: 32/33 MP: 2/4
  1174 | D:1      | XOM: silly message
  1727 | D:2      | Reached skill level 1 in Spellcasting
  1948 | D:2      | XOM: summons 1 hostile shadow creature
  2299 | D:3      | You fall into a shaft and drop 2 floors!
  2299 | D:5      | XOM: stealth player
  2299 | D:5      | Entered Level 5 of the Dungeon
  2299 | D:5      | Noticed an ogre
  2306 | D:5      | Killed an ogre
  2307 | D:5      | Reached skill level 4 in Axes
  2307 | D:5      | Reached XP level 4. HP: 40/40 MP: 4/6
  2307 | D:5      | Reached XP level 5. HP: 46/46 MP: 4/7
  2323 | D:5      | Noticed an ogre
  2323 | D:5      | a scorpion changed into an ogre
  2323 | D:5      | XOM: polymorph scorpion -> ogre
  2337 | D:5      | Killed an ogre
  2338 | D:5      | Reached XP level 6. HP: 30/53 MP: 7/9
  2503 | D:5      | Found an ornate altar of the Wu Jian Council.
  2665 | D:5      | XOM: cleaving
  2669 | D:5      | Reached skill level 5 in Axes
  2851 | D:4      | Slain by a phantom

Illustrated notes

Levels and vault maps discovered:
D:1:      arrival_aquarium_a, layout_basic, ebering_ecumenical_altar_webs,
          serial_aquarium, aquarium_bridge_long_separate
          [aquarium_subvault_window, aquarium_subvault_window,
          aquarium_subvault_bridge, aquarium_subvault_bridge,
          aquarium_subvault_bridge, aquarium_subvault_balcony],
          aquarium_window_corridor_1, aquarium_window_fake, aquarium_window_1,
          aquarium_window_1, aquarium_view_2g, aquarium_view_2f,
          aquarium_pool_corner, minmay_distorted
D:2:      kennysheep_big_flooded_room, layout_basic
D:3:      layout_basic, amcnicky_altar_gilded, fedhas_altar_2
D:4:      layout_loops_corners, mainiacjoe_overflow_six_doors_small,
          minmay_temple_entry_gardened_gates, gup_sewer_entry_glass, uniq_ijyb
D:5:      old_forge, layout_rooms, nzn_wu_jian_council_hall,
          gammafunk_ghost_hive

Skill      XL: |  1  2  3  4  5  6 |
---------------+-------------------+-----
Spellcasting   | 1 2 |  2.5
Fighting       | 4 |  4.7
Axes           | 4 5 |  5.2
Dodging        | 3 |  3.7

Action                   |  1- 3 |  4- 6 || total
-------------------------+-------+-------++-------
Melee: Hand axe          |   123 |    47 ||   170
       Tailslap          |    14 |     7 ||    21
       Punch             |     4 |       ||     4
  Use: Scroll            |     5 |       ||     5
       Potion            |     2 |     1 ||     3
 Stab: Sleeping          |     2 |       ||     2
Armor: Skin              |    51 |    19 ||    70
Dodge: Dodged            |   118 |    49 ||   167

Table legend: (Time is in decaauts)
 A = Elapsed time spent in this place.
 B = Non-inter-level travel time spent in this place.
 C = Inter-level travel time spent in this place.
 D = Time resting spent in this place.
 E = Time spent auto-exploring this place.
 F = Levels seen in this place.
 G = Mean time per level.
                   A        B        C        D        E       F      G
               +--------+--------+--------+--------+--------+-----+--------+
         Total |   2884 |   2798 |     86 |    135 |   2173 |   5 |  576.8 |
       Dungeon |   2884 |   2798 |     86 |    135 |   2173 |   5 |  576.8 |
               +--------+--------+--------+--------+--------+-----+--------+

Top non-repeatable levels by time:
     D:1: 1190 daAuts
     D:2: 1128 daAuts
     D:5: 553 daAuts
     D:4: 9 daAuts
     D:3: 1 daAuts
